[Event "*** Titled Tuesday Blitz"]
[Site "Chess.com"]
[Date "2019.12.03"]
[Round "10"]
[White "Perecke"]
[Black "scrapnel"]
[Result "0-1"]
[WhiteElo "2195"]
[BlackElo "2677"]
[TimeControl "180+2"]
[EndTime "15:19:28 PST"]
[Termination "scrapnel won by resignation"]

1. e4 c6 2. Nf3 d5 3. Nc3 Bg4 4. h3 Bxf3 5. Qxf3 Nf6 6. d4 e6 7. Bd3 Bb4 8. O-O Bxc3 9. bxc3 dxe4 10. Bxe4 Nxe4 11. Qxe4 O-O 12. Bf4 Nd7 13. c4 Nb6 14.
Qe2 Re8 15. Rad1 Qd7 16. Be3 Na4 17. Rd3 b5 18. Rb3 a6 19. c5 e5 20. Qd3 exd4 21.
Bxd4 Rad8 22. Rd1 f6 23. Kh2 Qf7 24. Qf3 Rd5 25. Rdd3 Nxc5 26. Bxc5 Rxc5 27. Rbc3 Qc7+ 28. g3 Rxc3 29. Rxc3 Re6 30. Rc5 Qd6 31. Qc3 a5 32. Qb3 a4 33. Qc3 h6 34. a3 Kh8 35. Kg1 Qd1+ 36. Kg2 Re1 37. Rxc6 Qd5+ 38. Qf3 Rg1+ 39.
Kxg1 Qxf3 40. Rc8+ Kh7 41. Rc5 Qxa3 42. Rxb5 Qc1+ 43.
Kg2 Qxc2 0-1

[Event "*** Titled Tuesday Blitz"]
[Site "Chess.com"]
[Date "2019.12.03"]
[Round "10"]
[White "visa"]
[Black "VeraNebolsina"]
[Result "1-0"]
[WhiteElo "2269"]
[BlackElo "2340"]
[TimeControl "180+2"]
[EndTime "15:19:31 PST"]
[Termination "visa won by resignation"]

1. e4 g6 2. d4 Bg7 3. Nc3 d6 4. h3 a6 5. a4 Nf6 6. Be3 Nc6 7. f4 O-O 8. Nf3 d5 9. e5 Ne4 10. Nxe4 dxe4 11. Ng5 Nb4 12. Nxe4 Nd5 13. Qd2 Bf5 14. Bd3 h5 15. c4 Nxe3 16. Qxe3 b6 17. O-O Qd7 18.
Rfd1 Rad8 19. Be2 f6 20. b3 fxe5 21. dxe5 Qe6 22. Ng5 Qc8 23. c5 e6 24. Bc4 Bh6 25. h4 Bxg5 26. hxg5 Bg4 27. Rd2 Rxd2 28. Qxd2 Rd8 29.
Qe3 Qb7 30. Re1 bxc5 31. Qxc5 Kf7 32. Qe3 Qc6 33. Rc1 Qb7 34. Qc3 c5 35. Bf1 Rd4 36.
Qxc5 Rxf4 37. Qc7+ Qxc7 38. Rxc7+ Ke8 39. Bxa6 Bd1 40.
Bc4 Re4 41. a5 Rxe5 42. a6 Ra5 43. a7 Ra1 44. Kh2 Kd8 45. Rb7 Kc8 46. Rb8+ Kc7 47.
a8=Q 1-0

[Event "*** Titled Tuesday Blitz"]
[Site "Chess.com"]
[Date "2019.12.03"]
[Round "10"]
[White "gmcorrales"]
[Black "AliKa2810"]
[Result "0-1"]
[WhiteElo "2720"]
[BlackElo "2611"]
[TimeControl "180+2"]
[EndTime "15:19:35 PST"]
[Termination "AliKa2810 won by checkmate"]

1. e4 e6 2. d4 d5 3. e5 c5 4. c3 Nc6 5. Nf3 Qb6 6. a3 Nh6 7. b4 cxd4 8. Bxh6 gxh6 9. cxd4 Bd7 10. Nc3 Nxb4 11. axb4 Bxb4 12. Rc1 Rc8 13. Qb3 Qa5 14.
Kd2 Ba4 15. Qb2 Ke7 16. Ng1 Rc7 17. h4 Rhc8 18. Rh3 Bb5 19. Bxb5 Qxb5 20. Qb3 a5 21. Ne2 a4 22. Qb1 Qa5 23. Rd3 a3 24. Qa1 b5 25.
Ke3 Rc4 26. Na2 Rxc1 27. Nexc1 Rc2 28. Nb3 Qa4 29. Kf3 Ke8 30. Nxb4 Qxb4 31. Nc5 a2 32.
Rb3 Qd2 33. Nd3 Qe2+ 34. Kg3 Rd2 35. Qc3 Rxd3+ 36. Qxd3 Qxd3+ 37. Rxd3 a1=Q 38. Kg4 b4 39. Kh5 Qb1 40. Rg3 b3 41. Kxh6 b2 42. h5 Qc2 43.
Rg7 b1=Q 44. f4 Qf2 45. g3 Qf3 46. Rg5 Qbd1 47. Kxh7 Qxh5+ 48. Kg7 Qxg5+ 49. fxg5 Qh5 50. g4 Qg6+ 51. Kh8 Qxg5 52. Kh7 Kf8 53. Kh8 Qg7# 0-1

[Event "*** Titled Tuesday Blitz"]
[Site "Chess.com"]
[Date "2019.12.03"]
[Round "10"]
[White "GelmanAlexander"]
[Black "Kostya_Nikologorskiy"]
[Result "0-1"]
[WhiteElo "2506"]
[BlackElo "2660"]
[TimeControl "180+2"]
[EndTime "15:19:39 PST"]
[Termination "Kostya_Nikologorskiy won by resignation"]

1. e4 e6 2. Nf3 d5 3. e5 c5 4. b4 cxb4 5. a3 Nc6 6. axb4 Bxb4 7. c3 Be7 8. d4 h6 9. Bd3 g5 10. h3 Bd7 11. Nbd2 a5 12. Nf1 b5 13. Ng3 b4 14.
cxb4 Nxb4 15. Be2 h5 16. Nh2 h4 17. Nh5 Qc7 18. Kf1 Qc2 19. Qe1 a4 20. g4 hxg3 21. fxg3 Nd3 22. Qd2 Qxd2 23. Bxd2 Nb4 24. g4 Nc2 25. Ra2 Nxd4 26. Bd3 Bb5 27. Bxb5+ Nxb5 28. Ke2 f5 29. Rb1 Nd4+ 30. Kd3 Nc6 31. Nf3 Nh6 32.
Rb6 fxg4 33. hxg4 Nxg4 34. Rxc6 Rxh5 35. Rxe6 Rh3 36. Ke2 Kd7 37. Rb6 a3 38. e6+ Kc7 39. Rb3 Ne5 40. Rc2+ Nc4 41. Kf2 a2 42. Bc3 g4 43.
Ne5 Rxc3 44. Rcxc3 a1=Q 45. Nxc4 dxc4 46. Rxc4+ Kd6 47.
Rd3+ Ke5 0-1

[Event "*** Titled Tuesday Blitz"]
[Site "Chess.com"]
[Date "2019.12.03"]
[Round "10"]
[White "Walter_White_Poland"]
[Black "Fiona"]
[Result "1-0"]
[WhiteElo "2265"]
[BlackElo "1953"]
[TimeControl "180+2"]
[EndTime "15:19:41 PST"]
[Termination "Walter_White_Poland won by resignation"]

1. e4 e5 2. Nf3 Nc6 3. Bb5 f5 4. Nc3 Nf6 5. Qe2 d6 6. d4 fxe4 7. Nxe4 Bg4 8. dxe5 dxe5 9. Bg5 Be7 10. Rd1 Qc8 11.
Qc4 Bd7 12. Bxc6 Bxc6 13. Nxe5 Rf8 14. Nxc6 bxc6 15. Qxc6+ Kf7 16. Qc4+ Qe6 17. Qxe6+ Kxe6 18. Bxf6 gxf6 19. O-O f5 20. Nd2 Bd6 21. Nf3 Kf6 22. b3 Rg8 23. c4 Rg7 24. g3 h5 25. h4 Rag8 26. Ng5 Be5 27. f4 Bc3 28. Rd3 Bb4 29. Rfd1 Bc5+ 30. Kg2 Re8 31. R1d2 Rge7 32. Rd5 Re2+ 33.
Rxe2 Rxe2+ 34. Kf1 Rf2+ 35. Ke1 Be3 36. Rd3 Bb6 37.
b4 Rc2 38. c5 Bxc5 39. bxc5 Rxc5 40. Kd2 Ra5 41. a3 Ra6 42. Kc2 c5 43. Kb2 Rb6+ 44. Rb3 Rd6 45. Kc3 Rd1 46. Kc4 Rc1+ 47. Rc3 Rb1 48.
Kxc5 Rb8 49. Kd5 Rd8+ 50. Kc4 Rc8+ 51. Kd3 Rb8 52. Rc6+ Kg7 53. Rc7+ Kg6 54. Rxa7 Rb3+ 55. Kd4 Rxg3 56. Ra6+ Kg7 57. Ke5 Rg4 58. Kxf5 Rxh4 59. Ra7+ Kg8 60. Kf6 1-0

[Event "*** Titled Tuesday Blitz"]
[Site "Chess.com"]
[Date "2019.12.03"]
[Round "10"]
[White "skoularikii"]
[Black "Sajkochess"]
[Result "0-1"]
[WhiteElo "2535"]
[BlackElo "2303"]
[TimeControl "180+2"]
[EndTime "15:19:44 PST"]
[Termination "Sajkochess won by checkmate"]

1. e4 c5 2. Nf3 e6 3. d4 cxd4 4. Nxd4 Nc6 5. Nc3 Qc7 6. Be2 a6 7. O-O Nf6 8. Be3 Bb4 9. Na4 O-O 10. Nxc6 bxc6 11. Nb6 Rb8 12. Nxc8 Rfxc8 13. Qd3 Bd6 14. f4 e5 15. Rad1 Be7 16. fxe5 Qxe5 17. Bf4 Qc5+ 18.
Kh1 Rxb2 19. Qxa6 Re8 20. e5 Nd5 21. Bd3 Nxf4 22. Rxf4 Qxe5 23. Rdf1 Bd6 24. Qc4 Re7 25. Rh4 g6 26. Rh3 Rb4 27. Qa6 Rf4 28. Rg1 Bc5 29.
Rf1 Rxf1+ 30. Bxf1 Qa1 31. c3 Re1 32. Rf3 Qc1 33.
a4 Bf8 34. a5 Qa1 35. g3 Qd1 36.
Rf2 Qd5+ 37. Rg2 Qf3 38. Qe2 Rxf1+ 39. Qxf1 Qxf1+ 40. Rg1 Qf3+ 41. Rg2 Bc5 42. h3 Qf1+ 43.
Kh2 Qa6 44. Ra2 d5 45. Kg2 Ba7 46. Kf3 Qc4 47. Ra3 Qe4# 0-1

[Event "*** Titled Tuesday Blitz"]
[Site "Chess.com"]
[Date "2019.12.03"]
[Round "10"]
[White "MathiasWomacka"]
[Black "enriquetejedor"]
[Result "1/2-1/2"]
[WhiteElo "2339"]
[BlackElo "2463"]
[TimeControl "180+2"]
[EndTime "15:19:45 PST"]
[Termination "Game drawn by repetition"]

1. e4 c6 2. d4 d5 3. Nd2 dxe4 4.
Nxe4 Nf6 5. Nxf6+ exf6 6. Bc4 Bd6 7. Qe2+ Qe7 8. Qxe7+ Kxe7 9. Ne2 Be6 10. Bd3 Na6 11.
c3 Rhe8 12. Bf4 Bg4 13. f3 Bh5 14. Kd2 Bg6 15. a4 Nc7 16. Bxd6+ Kxd6 17. Nf4 Nd5 18. Nxg6 hxg6 19. Rhe1 Nf4 20. Bf1 Ne6 21. a5 Nc7 22. b4 a6 23. Rxe8 Rxe8 24. Re1 Rxe1 25. Kxe1 f5 26. h4 f6 27. Kd2 f4 28. Bd3 g5 29.
hxg5 fxg5 30. Bf5 Nd5 31. Bc8 Kc7 32. Bh3 Ne3 33. Kd3 Kd6 34. Ke4 Nd5 35. Kd3 Ne3 36. c4 Kc7 37. Kc3 Kd6 38. Kb3 g4 39. fxg4 g5 40.
Kc3 Nd1+ 41. Kd3 Nf2+ 42. Ke2 Ne4 43. Kd3 Nf2+ 44. Ke2 Ne4 45. Kd3 Ng3 46. Kc3 Ne4+ 47. Kd3 1/2-1/2

[Event "*** Titled Tuesday Blitz"]
[Site "Chess.com"]
[Date "2019.12.03"]
[Round "10"]
[White "RitvarsReimanis"]
[Black "GCamachoMartinez"]
[Result "0-1"]
[WhiteElo "2551"]
[BlackElo "2471"]
[TimeControl "180+2"]
[EndTime "15:19:48 PST"]
[Termination "GCamachoMartinez won by resignation"]

1. d4 d5 2. c4 c6 3. Nf3 Nf6 4. e3 Bf5 5. Nc3 e6 6. Nh4 Be4 7. f3 Bg6 8. Qb3 Qc7 9. Bd2 Nbd7 10. O-O-O dxc4 11. Bxc4 b5 12. Be2 a5 13. Nxg6 hxg6 14. Kb1 Rxh2 15. Qc2 Rxh1 16. Rxh1 Qb6 17. Bd3 Bb4 18.
Rh8+ Nf8 19. Ne4 Bxd2 20. Nxd2 O-O-O 21. Ne4 Nxe4 22. Bxe4 Kb7 23. Rg8 Kc7 24. Rxg7 Rd7 25. Rg8 Rd8 26. Rh8 Kd6 27. Qc3 c5 28. d5 Ke7 29.
dxe6 Nxe6 30. Rxd8 Qxd8 31. Kc1 c4 32. b3 cxb3 33. axb3 b4 34. Qc4 Qb6 35. Kd2 Qc5 36.
Kd3 Qd6+ 37. Ke2 Nc5 38. Bd5 f5 39. Qd4 Ne6 40. Qa7+ Qc7 41. Qa6 Qc2+ 42. Kf1 Qc1+ 43. Ke2 Qc2+ 44. Ke1 Nc5 45. Qe2 Nd3+ 46. Kf1 Qc1+ 0-1

[Event "*** Titled Tuesday Blitz"]
[Site "Chess.com"]
[Date "2019.12.03"]
[Round "10"]
[White "wnstop"]
[Black "Gabrielian_Artur"]
[Result "0-1"]
[WhiteElo "2677"]
[BlackElo "2795"]
[TimeControl "180+2"]
[EndTime "15:19:53 PST"]
[Termination "Gabrielian_Artur won on time"]

1. e4 c5 2. Nf3 d6 3. d4 cxd4 4.
Qxd4 Nc6 5. Bb5 Bd7 6. Qd3 Nf6 7. O-O g6 8. c4 Bg7 9. Bxc6 Bxc6 10. Nc3 O-O 11.
Re1 Nd7 12. Nd4 Nc5 13. Qd1 Qb6 14. Nd5 Bxd5 15. exd5 Rfe8 16. Rb1 e5 17. Nb5 a6 18. Nc3 Qb4 19. Ne4 Nxe4 20. Rxe4 f5 21. Bd2 Qc5 22.
b4 Qc7 23. Rh4 e4 24. Rc1 a5 25. a3 axb4 26. axb4 Ra3 27. c5 Rd3 28. Rh3 Rxd5 29. Qb3 Qf7 30. Be3 dxc5 31. bxc5 Red8 32. Bg5 Rxc5 33.
Qxf7+ Kxf7 34. Rb1 Rb5 35. Rc1 Rh8 36. Rc7+ Ke6 37.
g4 Bf6 38. Bxf6 Kxf6 39. gxf5 gxf5 40. Rh6+ Ke5 41. Re7+ Kd4 42. Rd6+ Kc4 43. Rc7+ Kb3 44. Kg2 Rg8+ 0-1

[Event "*** Titled Tuesday Blitz"]
[Site "Chess.com"]
[Date "2019.12.03"]
[Round "10"]
[White "Bagirova"]
[Black "Glufs"]
[Result "0-1"]
[WhiteElo "2114"]
[BlackElo "2342"]
[TimeControl "180+2"]
[EndTime "15:19:53 PST"]
[Termination "Glufs won by checkmate"]

1. e4 c6 2. Nf3 d5 3. Nc3 dxe4 4. Nxe4 Nf6 5. Nxf6+ exf6 6. Bc4 Bd6 7. O-O O-O 8. d4 Bg4 9. h3 Bh5 10. c3 Nd7 11. a4 Qc7 12. a5 a6 13. Bd3 c5 14. Be3 Rfe8 15. Rc1 cxd4 16. cxd4 Qxa5 17. Qb3 Bxf3 18. gxf3 Nb6 19. Kg2 Nd5 20. Bc4 Nxe3+ 21. fxe3 Qg5+ 22. Kf2 Re7 23. Bd5 Rae8 24. Rc3 h5 25.
Rg1 Qh4+ 26. Ke2 Qxh3 27. Rf1 Bf4 28. e4 Bg3 29. Re3 Bf4 30. Rc3 f5 31. Rf2 Bg3 32. Bxf7+ Rxf7 33. Rc7 Rf8 34. Rxf7 Rxf7 35. Rf1 Qg2+ 36.
Kd3 Qxf1+ 37. Kc3 Qe1+ 38. Kc4 Qe2+ 39. Kd5 Qb5+ 40. Qxb5 axb5 41. e5 Kf8 42. e6 Re7 43. b4 Rxe6 44. Kxe6 h4 45. Kxf5 h3 46. d5 h2 47. d6 Bxd6 48. Ke6 h1=Q 49. Kxd6 Qd1+ 50. Kc7 Qd5 51. Kb6 Qc6+ 52. Ka7 Qa6+ 53. Kb8 Ke7 54. f4 Kd7 55. f5 Qd6+ 56. Ka8 Kc8 57. f6 Qa6# 0-1

[Event "*** Titled Tuesday Blitz"]
[Site "Chess.com"]
[Date "2019.12.03"]
[Round "10"]
[White "Quiet_Desperation"]
[Black "2165149677570"]
[Result "0-1"]
[WhiteElo "2468"]
[BlackElo "2372"]
[TimeControl "180+2"]
[EndTime "15:19:55 PST"]
[Termination "2165149677570 won by resignation"]

1. e4 g6 2. d4 Nf6 3. Nc3 d5 4.
Nf3 Nxe4 5. Nxe4 dxe4 6. Ng5 Bg7 7. c3 O-O 8. Nxe4 e5 9. d5 h6 10. Be2 f5 11. Ng3 b6 12. O-O Nd7 13. d6 Nc5 14. b4 Ne6 15. dxc7 Qxc7 16. Qb3 Kh7 17. Bc4 Nf4 18. Bxf4 exf4 19. Ne2 f3 20. gxf3 Bb7 21.
Bd5 Rad8 22. Bxb7 Qxb7 23. Nd4 Bxd4 24. cxd4 Rxd4 25. Rac1 Rfd8 26. Qe6 R8d7 27. Rc3 Qd5 28. Qf6 Qd6 29. Qxd6 R4xd6 30. Kg2 Rd4 31. a3 h5 32. Re1 Kh6 33. Re6 R4d6 34. Re8 Kg5 35. Rc4 Rd4 36. Rc6 R4d6 37. Rc4 Rd4 38. Rxd4 Rxd4 39. Re7 a5 40.
bxa5 bxa5 41. Ra7 Ra4 42. Ra6 Rxa3 43. Kg3 h4+ 44. Kg2 Ra1 45. f4+ Kxf4 46. Rxg6 a4 47. Ra6 a3 48. Kh3 Kg5 49. f4+ Kxf4 50. Kxh4 Ke4 51.
Kg5 a2 52. Kf6 f4 53. h4 f3 54. h5 f2 55. Ra4+ Ke3 56. Ra3+ Ke2 0-1

[Event "*** Titled Tuesday Blitz"]
[Site "Chess.com"]
[Date "2019.12.03"]
[Round "10"]
[White "Satscho"]
[Black "kesarev"]
[Result "1/2-1/2"]
[WhiteElo "2346"]
[BlackElo "2468"]
[TimeControl "180+2"]
[EndTime "15:19:55 PST"]
[Termination "Game drawn by repetition"]

1. e4 g6 2. Nf3 Bg7 3. d3 c5 4.
g3 Nc6 5. Bg2 d6 6. O-O e5 7.
Nc3 f5 8. Nd2 Nf6 9. Nc4 O-O 10.
a4 Rb8 11. f4 Be6 12. Nd5 exf4 13. Bxf4 Ne8 14. Kh1 Bxd5 15. exd5 Ne5 16. Rb1 Qd7 17. b3 Nc7 18. Re1 Rfe8 19. Qd2 b6 20. Re2 Nxc4 21. dxc4 Rxe2 22. Qxe2 Re8 23. Qd2 Be5 24. Rf1 Bxf4 25. Qxf4 Qe7 26. h4 Qe5 27. Qf3 Qe3 28. Kh2 Kg7 29. g4 Qxf3 30. Bxf3 Kf6 31. gxf5 gxf5 32. Kg3 Re7 33. Kf4 Ne8 34. Rg1 Re5 35. h5 Kf7 36. h6 Kf8 37. Rg5 Nf6 38. Rxf5 Rxf5+ 39. Kxf5 Kf7 40. Be2 Nd7 41. Bh5+ Ke7 42. Bg6 Nf8 43. Bxh7 Nxh7 44. Kg6 Nf8+ 45. Kg7 Ke8 46. h7 Nxh7 47.
Kxh7 Kf7 48. Kh6 Kf6 49. Kh7 Kf7 50. Kh8 Kf8 51. Kh7 Kf7 1/2-1/2

[Event "*** Titled Tuesday Blitz"]
[Site "Chess.com"]
[Date "2019.12.03"]
[Round "10"]
[White "IMRosen"]
[Black "ElGasanov"]
[Result "0-1"]
[WhiteElo "2590"]
[BlackElo "2690"]
[TimeControl "180+2"]
[EndTime "15:19:57 PST"]
[Termination "ElGasanov won by checkmate"]

1. d4 e6 2. Bf4 f5 3. g4 Nf6 4. gxf5 exf5 5. Nc3 Bb4 6. Qd3 Ne4 7. O-O-O Bxc3 8.
bxc3 Qe7 9. c4 Nxf2 10. Qf3 Nxd1 11. Kxd1 Nc6 12. e3 d6 13. Bd3 Bd7 14. h4 Qf7 15.
Nh3 h6 16. Rg1 O-O-O 17. Kd2 Rhg8 18. Rb1 Na5 19. Rb4 c5 20. Rb1 Qf6 21. Qf2 g5 22.
Bh2 f4 23. Ng1 fxe3+ 24. Qxe3 Rge8 25. Qf3 Qxd4 26. Ne2 Nxc4+ 27. Kc1 Qe3+ 28. Qxe3 Nxe3 29. Bxd6 c4 30. Bh7 Bg4 31. hxg5 hxg5 32. Bc5 Bxe2 33. Rb4 Rd1+ 34. Kb2 c3+ 35. Ka3 Nd5 36. Rd4 Rxd4 37. Bxd4 Bg4 38. Bxa7 Be6 39. Bg1 g4 40. Ka4 g3 41. Kb5 Rh8 42. Be4 Kd7 43. a4 Rh4 44. Bg2 Rb4+ 45. Ka5 Rb2 46. Be4 Nb4 47. Bxb7 Nc6+ 48.
Ka6 Bc4# 0-1

[Event "*** Titled Tuesday Blitz"]
[Site "Chess.com"]
[Date "2019.12.03"]
[Round "10"]
[White "Supernotar"]
[Black "SCIM"]
[Result "1-0"]
[WhiteElo "2649"]
[BlackElo "2524"]
[TimeControl "180+2"]
[EndTime "15:19:57 PST"]
[Termination "Supernotar won by resignation"]

1. d4 Nf6 2. c4 g6 3. Nc3 d5 4. cxd5 Nxd5 5. e4 Nxc3 6. bxc3 Bg7 7. Nf3 c5 8. Be3 Qa5 9. Qd2 O-O 10. Rc1 Nd7 11.
d5 Nf6 12. c4 Qxd2+ 13. Nxd2 b6 14. Be2 e6 15. f3 Re8 16. Kf2 Ba6 17. Rhd1 exd5 18.
cxd5 Bxe2 19. Kxe2 Rad8 20. Nc4 Nd7 21. g4 Ne5 22. a4 Nxc4 23. Rxc4 f5 24. gxf5 gxf5 25. Kd3 fxe4+ 26. fxe4 Be5 27. Rc2 Rd7 28. Rg2+ Rg7 29.
Rdg1 Rxg2 30. Rxg2+ Kf7 31. Rf2+ Kg6 32. h3 Rc8 33.
Kc4 Re8 34. Kd3 Rc8 35. Rc2 h5 36. a5 Kf7 37. a6 Rg8 38. Rf2+ Ke7 39. Rf5 Kd6 40. Rxh5 Rg3 41. Rh6+ Kd7 42. Rh7+ Kd6 43.
Ke2 Rg2+ 44. Kf3 Rg3+ 45. Kf2 Rg7 46. Rxg7 Bxg7 47. Bf4+ Kd7 48. e5 b5 49. e6+ Ke7 50. Ke2 b4 51. Be3 b3 52. Bxc5+ 1-0

[Event "*** Titled Tuesday Blitz"]
[Site "Chess.com"]
[Date "2019.12.03"]
[Round "10"]
[White "pulvettd"]
[Black "Aleksandr_Kozak"]
[Result "0-1"]
[WhiteElo "2609"]
[BlackElo "2340"]
[TimeControl "180+2"]
[EndTime "15:20:00 PST"]
[Termination "Aleksandr_Kozak won by checkmate"]

1. d4 g6 2. c4 Bg7 3. e4 d6 4. Nc3 e5 5. Nf3 Nc6 6. d5 Nd4 7. Be3 Nxf3+ 8. Qxf3 f5 9. exf5 Bxf5 10. c5 Nf6 11. Bb5+ Bd7 12. O-O O-O 13. Qe2 Bf5 14. f3 a6 15. Bd3 Bxd3 16. Qxd3 Nh5 17. Ne4 Nf4 18. Qd2 Rf5 19. Rac1 dxc5 20. Rfd1 b6 21.
b4 cxb4 22. d6 c5 23. g3 Ne6 24. Qd5 Kf7 25. g4 Rf4 26. Bxf4 exf4 27. Ng5+ Qxg5 28. Qb7+ Kg8 29. Qxa8+ Kf7 30. Qb7+ Kg8 31. Qc8+ Nd8 32. Re1 Bf6 33. Re8+ Kg7 34. Rce1 h5 35. Qd7+ Kh6 36.
Rxd8 Bxd8 37. Re8 Bf6 38. Qf7 hxg4 39. Qf8+ Bg7 40. Qe7 Bd4+ 41. Kf1 Qh5 42. Qf8+ Kg5 43. Qe7+ Bf6 44. Qe5+ Bxe5 45. Rxe5+ Kf6 46. Rxh5 gxh5 47.
fxg4 hxg4 48. d7 Ke7 49. d8=Q+ Kxd8 50. h3 gxh3 51. Kf2 c4 52. Kf3 b3 53. Kxf4 bxa2 54.
Ke4 a1=Q 55. Kd5 h2 56. Kc6 h1=Q+ 57. Kxb6 Qb2+ 58. Ka5 Qb5# 0-1

[Event "*** Titled Tuesday Blitz"]
[Site "Chess.com"]
[Date "2019.12.03"]
[Round "10"]
[White "Eltaj_Safarli"]
[Black "Oleksandr_Bortnyk"]
[Result "1-0"]
[WhiteElo "3009"]
[BlackElo "2955"]
[TimeControl "180+2"]
[EndTime "15:20:03 PST"]
[Termination "Eltaj_Safarli won by checkmate"]

1. e4 Nf6 2. e5 Nd5 3. Nc3 Nb6 4. d4 d5 5. Nf3 Bg4 6. h3 Bxf3 7. Qxf3 e6 8. Qg3 a6 9. Bg5 Qc8 10. O-O-O c5 11.
dxc5 Bxc5 12. Bd3 Nc6 13. f4 Nd4 14. Kb1 Qc6 15. Ne2 Na4 16. f5 Qb6 17. b3 exf5 18.
Rhf1 Rc8 19. Bd2 g6 20. Nf4 Rd8 21. e6 Nxe6 22. Nxe6 fxe6 23. Qe1 Qc6 24. g4 O-O 25.
gxf5 exf5 26. bxa4 Qb6+ 27. Ka1 Rfe8 28. Qg3 Bd4+ 29.
c3 Re3 30. Rf3 Rde8 31. Rb1 Qc5 32. Rb3 Rxf3 33. Qxf3 Bf6 34. Kb1 Re7 35. Kc2 Kg7 36. h4 d4 37. Rxb7 dxc3 38. Bg5 Bxg5 39. hxg5 h6 40.
Rxe7+ Qxe7 41. Bxa6 Qxg5 42. Qxc3+ Kf8 43. Bd3 Qg2+ 44.
Kb3 h5 45. a5 h4 46. a6 h3 47. a7 h2 48. Qf6+ Kg8 49. Qd8+ Kf7 50. a8=Q h1=Q 51. Bc4+ Kg7 52. Qf8+ Kh7 53. Qh8# 1-0

[Event "*** Titled Tuesday Blitz"]
[Site "Chess.com"]
[Date "2019.12.03"]
[Round "10"]
[White "Eloist"]
[Black "Qvalda"]
[Result "0-1"]
[WhiteElo "2399"]
[BlackElo "2504"]
[TimeControl "180+2"]
[EndTime "15:20:03 PST"]
[Termination "Qvalda won by resignation"]

1. e4 c6 2. Nf3 d5 3. Nc3 Bg4 4.
d4 dxe4 5. Nxe4 Nd7 6. Ng3 e6 7. h3 Bxf3 8. Qxf3 Ngf6 9. Bd3 Bd6 10. O-O Qc7 11. Re1 O-O 12. c3 e5 13. Nf5 exd4 14.
cxd4 Rfe8 15. Bg5 Bf8 16. Nh6+ gxh6 17. Bxf6 Nxf6 18. Qxf6 Bg7 19. Qf5 Qd6 20. Qxh7+ Kf8 21.
Re3 Qxd4 22. Rf3 Qxb2 23. Rf1 Qxa2 24. Rg3 Qb2 25. Rb1 Qd4 26. Rxb7 Re1+ 27. Kh2 Qa1 28. Rxg7 Rh1+ 29. Kg3 Qxg7+ 30. Qxg7+ Kxg7 31. Bc4 a5 32. Rxf7+ Kh8 33. Rf6 a4 34. Rxh6+ Kg7 35. Rxc6 a3 36. Rc7+ Kf6 37. Ba2 Ra1 38. Rc2 Rb8 39. f4 Rb2 40. Rc6+ Ke7 41. Bd5 Rd1 42. Bg8 a2 43. Bxa2 Rxa2 44.
f5 Rd3+ 45. Kf4 Rxg2 46. Re6+ Kf7 47. h4 Rh3 48. Rh6 Rg1 49. f6 Rf1+ 50. Ke5 Re3+ 51. Kd4 Re6 0-1

[Event "*** Titled Tuesday Blitz"]
[Site "Chess.com"]
[Date "2019.12.03"]
[Round "10"]
[White "Philosopherrr"]
[Black "francyIM"]
[Result "0-1"]
[WhiteElo "2460"]
[BlackElo "2601"]
[TimeControl "180+2"]
[EndTime "15:20:11 PST"]
[Termination "francyIM won by resignation"]

1. e4 c6 2. d4 d5 3. exd5 cxd5 4. c4 Nf6 5. Nc3 g6 6. Nf3 Bg7 7. cxd5 Nxd5 8. Bb5+ Bd7 9. Qe2 Nxc3 10. bxc3 Bxb5 11. Qxb5+ Qd7 12. a4 Nc6 13. O-O O-O 14. Re1 e6 15.
Rb1 b6 16. Ba3 Rfd8 17. Qa6 Rac8 18. Red1 Na5 19. Bb4 Nc4 20. a5 Qd5 21. axb6 axb6 22. Qa2 h6 23. Ra1 Kh7 24. Qe2 Rd7 25. h4 Rdc7 26.
Qd3 Nd6 27. h5 Ne4 28. hxg6+ fxg6 29. Rac1 Rc4 30. Nh4 Bf6 31. Nxg6 Qf5 32. f3 Ng3 33.
Nf8+ Kg7 34. Qxf5 exf5 35. Ne6+ Kf7 36. Kf2 Nh5 37. d5 Bh4+ 38. Ke2 Bf6 39. Kd3 b5 40. Rh1 Nf4+ 41. Nxf4 Rxf4 42. Rxh6 Rxb4 43. Rh7+ Kg6 44. cxb4 Rxc1 45. Rb7 Rd1+ 46. Ke3 Rxd5 47. g4 Bg5+ 48. f4 Bf6 49. g5 Bc3 50. Rb6+ Kh5 51. Kf3 Rd3+ 52. Ke2 Rd4 53. Kf3 Rd3+ 54. Ke2 Rd2+ 55.
Kf3 Bg7 56. Rxb5 Kg6 57. Rb6+ Kf7 58. Rb7+ Kg8 59. b5 Rd3+ 60. Ke2 Rb3 61. b6 Bf8 62. Rb8 Kg7 63. Kd2 Bd6 64. Rb7+ Kg6 65. Kc2 Rb5 66. Kc3 Bxf4 67. Kc4 Rb1 68. Kc5 Be3+ 69.
Kc6 Rxb6+ 70. Rxb6 Bxb6 71. Kd5 Kxg5 72. Kc4 f4 73.
Kd3 0-1

[Event "*** Titled Tuesday Blitz"]
[Site "Chess.com"]
[Date "2019.12.03"]
[Round "10"]
[White "Bad4life"]
[Black "CzechmVIII"]
[Result "1/2-1/2"]
[WhiteElo "2375"]
[BlackElo "2147"]
[TimeControl "180+2"]
[EndTime "15:20:11 PST"]
[Termination "Game drawn by repetition"]

1. e4 c5 2. Nf3 d6 3. Bb5+ Nd7 4. Ba4 Nf6 5. O-O e5 6. c3 Be7 7. d4 cxd4 8. cxd4 O-O 9. Nc3 exd4 10. Qxd4 Nc5 11.
Bc2 Bg4 12. Kh1 Ne6 13. Qa4 a6 14. e5 dxe5 15. Nxe5 Nc5 16. Bxh7+ Kxh7 17. Qc2+ Kg8 18. Nxg4 Nxg4 19. Qf5 Qd7 20. Nd5 Bd6 21. Qg5 f6 22.
Qh4 Nxh2 23. Nb6 Qe6 24. Rd1 Rae8 25. Be3 Ng4 26. Rxd6 Qxd6 27. Qxg4 Qxb6 28. Qc4+ Qe6 29. Qxc5 Rd8 30. Re1 Rd5 31. Qb4 Rh5+ 32. Kg1 Qf5 33. Qb3+ Kh8 34. Qxb7 Qh7 35. g3 Rd8 36. Qg2 Rhd5 37.
Qf3 Qc2 38. Kg2 Qg6 39. Rh1+ Kg8 40. Rh4 Qf5 41. Rf4 Qe6 42. Re4 Qc6 43. b3 Qa8 44. Bf4 R5d7 45. Qe2 Re8 46. Qc4+ Kh8 47. f3 Rxe4 48.
fxe4 Re7 49. Kf3 Qe8 50. Qd3 Re6 51. g4 Qe7 52. Be3 Rc6 53. Qd5 Re6 54. Qh5+ Kg8 55.
Qd5 Kh8 56. Qh5+ Kg8 57. Qd5 Kh8 1/2-1/2

[Event "*** Titled Tuesday Blitz"]
[Site "Chess.com"]
[Date "2019.12.03"]
[Round "10"]
[White "davigator"]
[Black "brendan174"]
[Result "1/2-1/2"]
[WhiteElo "2285"]
[BlackElo "2110"]
[TimeControl "180+2"]
[EndTime "15:20:11 PST"]
[Termination "Game drawn - insufficient material"]

1. e4 e5 2. Nf3 Nc6 3. Bb5 g6 4. O-O Bg7 5. c3 Nge7 6. d4 exd4 7. Nxd4 O-O 8. Bg5 h6 9. Bh4 g5 10. Bg3 d6 11. Nxc6 bxc6 12. Ba4 Bd7 13. Nd2 Ng6 14.
f3 Rb8 15. Rb1 Be5 16. Bf2 a6 17. Nc4 Bg7 18. Qd2 Nf4 19. Be3 Ng6 20. Na5 Qe8 21.
Rfe1 Be5 22. Nc4 Bf4 23. Qe2 Bxe3+ 24. Nxe3 Nf4 25. Qxa6 Ra8 26. Qc4 Be6 27. Qxc6 Rxa4 28. Qxe8 Rxe8 29. a3 Rb8 30. g3 Nd3 31. Re2 Rxa3 32.
Rd2 Nc5 33. Rbd1 Rab3 34. e5 Rxb2 35. exd6 Rxd2 36. Rxd2 Rd8 37. c4 Rxd6 38. Rc2 Rd3 39. Kf2 Kf8 40. Ke2 Ke7 41. Ra2 Rc3 42. Kd2 Rd3+ 43.
Ke2 Rb3 44. Ra5 Kd6 45. f4 Rb2+ 46. Kf3 Rxh2 47. f5 Bd7 48. Ra1 Rb2 49. Rd1+ Kc6 50. Kg4 Rb3 51. Re1 Nd3 52. Re2 Ne5+ 53. Kh5 Kc5 54.
Kxh6 g4 55. Kg7 Bc6 56. Kf6 Kd4 57. Nc2+ Kd3 58. Rxe5 Kxc2 59. Rc5 Bf3 60. Rxc7 Be4 61. Kg5 Rxg3 62. Rxf7 Rc3 63. Rc7 Bd3 64. c5 g3 65.
Kf4 g2 66. Rg7 Bf1 67. f6 Rxc5 68. Ke4 Rc8 69. Ke5 Rf8 70. Ke6 Kd2 71. Ke7 Ra8 72.
f7 Ra7+ 73. Ke8 Ra8+ 74. Ke7 Ra7+ 75. Ke8 Rxf7 76. Kxf7 Ke2 77. Rxg2+ Bxg2 1/2-1/2

[Event "*** Titled Tuesday Blitz"]
[Site "Chess.com"]
[Date "2019.12.03"]
[Round "10"]
[White "NemtsevIgor"]
[Black "Witik"]
[Result "0-1"]
[WhiteElo "2325"]
[BlackElo "2566"]
[TimeControl "180+2"]
[EndTime "15:20:17 PST"]
[Termination "Witik won by resignation"]

1. d4 Nf6 2. Bf4 d5 3. e3 c5 4. c3 Nc6 5. Nd2 Qb6 6. Qb3 c4 7. Qc2 Nh5 8. Bg3 g6 9. Ngf3 Bg7 10. Be2 O-O 11. O-O Bf5 12. Qc1 Nxg3 13. hxg3 Rac8 14.
Nh4 Bd7 15. e4 e6 16. Nhf3 Qd8 17. Re1 b5 18. a3 a5 19. Bd1 b4 20. axb4 axb4 21.
Ba4 Qb6 22. exd5 exd5 23. Bxc6 Bxc6 24. Ne5 Bb5 25. Qd1 f6 26. Ng4 Rce8 27. Ne3 Bc6 28.
Qf3 Qb7 29. g4 Bh6 30. Ndf1 Bg5 31. Ra5 bxc3 32. bxc3 Qb2 33. Rd1 Qxc3 34. Rc5 Ba8 35. Nxd5 Qxf3 36. gxf3 Rd8 37. Nfe3 Bxe3 38. Nxe3 Bxf3 39.
Rc1 Rxd4 40. R5xc4 Rfd8 41. Rxd4 Rxd4 42. Rc8+ Kg7 43.
Rc7+ Kh6 44. Kh2 Bxg4 45. Kg3 Be6 46. Rc6 Re4 47. Rd6 f5 48. Kf3 Kg5 49. Rd8 h5 50.
Ng2 h4 51. Ne3 h3 52. Rh8 Rh4 53. Rxh4 Kxh4 54. Nf1 g5 55. Nh2 Bd5+ 56. Ke3 Bg2 57. Ke2 g4 58. Ke3 Kg5 59. f4+ Kh4 60. Kf2 g3+ 61. Kg1 gxh2+ 62. Kxh2 Kg4 0-1